 Dungeon Crawl Stone Soup version 0.27.1-4-g1640c2035a (webtiles) character file.

Game seed: 11253005413587067179

3943 ders the Fighter (level 10, -4/68 HPs)
             Began as a Gargoyle Fighter on Nov 5, 2021.
             Was a Believer of Yredelemnul.
             Slain by an orc warrior (6 damage)
             ... on level 7 of the Dungeon on Nov 6, 2021.
             The game lasted 00:25:48 (10254 turns).

ders the Fighter (Gargoyle Fighter)                Turns: 10254, Time: 00:25:48

Health: -4/68      AC: 16    Str: 23    XL:     10   Next: 21%
Magic:  15/15      EV:  9    Int:  9    God:    Yredelemnul [**....]
Gold:   433        SH:  0    Dex: 11    Spells: 9/9 levels left

rFire    . . .     SeeInvis .   v - +9 great mace "Offujoqa" {vorpal, Dex+2}
rCold    . . .     Faith    .   (shield currently unavailable)
rNeg     + . .     Spirit   .   b - +0 scale mail
rPois    ∞         Reflect  .   (no helmet)
rElec    +         Harm     .   i - +0 cloak
rCorr    .         Rampage  .   (no gloves)
Will     .....                  p - +0 pair of boots
Stlth    ..........             (no amulet)
HPRegen  0.21/turn              (no ring)
MPRegen  0.14/turn              (no ring)

@: brilliant, attractive, hasted, very quick
A: sickness immunity, AC +7, negative energy resistance 1, electricity
resistance, torment resistance 1, petrification resistance
a: Renounce Religion, Animate Remains, Recall Undead Slaves, Injury Mirror


You were on level 7 of the Dungeon.
You worshipped Yredelemnul.
Yredelemnul was pleased with you.
You visited 1 branch of the dungeon, and saw 8 of its levels.

You collected 433 gold pieces.

Inventory:

Hand Weapons
 a - a +0 flail
 v - the +9 great mace "Offujoqa" (weapon) {vorpal, Dex+2}
   (You acquired it on level 6 of the Dungeon)

   It inflicts extra damage upon your enemies.
   Dex:       It affects your dexterity (+2).
 w - a +3 mace
Missiles
 o - a boomerang (quivered)
Armour
 b - a +0 scale mail (worn)
 c - a +0 kite shield
 i - a +0 cloak (worn)
 p - a +0 pair of boots (worn)
Jewellery
 j - a +4 ring of evasion
 n - a ring of magical power
Wands
 t - a wand of iceblast (4)
 x - a wand of paralysis (8)
 B - a wand of digging (8)
Scrolls
 e - 4 scrolls of noise
 g - 6 scrolls of identify
 h - 6 scrolls of immolation
 l - 2 scrolls of magic mapping
 q - 2 scrolls of enchant weapon
 u - a scroll of torment
 y - a scroll of fog {unknown}
 z - a scroll of amnesia {unknown}
 A - 3 scrolls of teleportation {unknown}
Potions
 d - a potion of cancellation
 f - a potion of attraction
 s - a potion of ambrosia {unknown}


   Skills:
 * Level 10.1 Fighting
 * Level 9.0 Maces & Flails
 - Level 1.0 Throwing
 + Level 3.2 Armour
 - Level 3.2 Shields
 + Level 0.0 Spellcasting
 - Level 7.8 Invocations


You had 9 spell levels left.
You didn't know any spells.
Your spell library contained the following spells:

 Spells                   Type           Power      Damage    Failure   Level
 Corona                   Hex            0%         N/A       69%         1
 Freeze                   Ice            0%         1d3       69%         1
 Ensorcelled Hibernation  Hex/Ice        0%         N/A       83%         2
 Frozen Ramparts          Ice            0%         1d2       96%         3
 Portal Projectile        Hex/Tloc       0%         N/A       96%         3
 Tukima's Dance           Hex            0%         N/A       96%         3
 Fulminant Prism          Conj/Hex       0%         3d6       100%        4
 Hailstorm                Conj/Ice       0%         3d3       100%        4
 Ice Form                 Ice/Tmut       0%         N/A       100%        4
 Iskenderun's Mystic Bla  Conj/Tloc      0%         2d3       100%        4
 Summon Ice Beast         Ice/Summ       0%         N/A       100%        4
 Blade Hands              Tmut           0%         N/A       100%        5
 Excruciating Wounds      Necr           0%         N/A       100%        5
 Lee's Rapid Deconstruct  Erth           0%         3d5*      100%        5


Dungeon Overview and Level Annotations

Branches:
Dungeon (8/15)             Temple (0/1) D:5            Lair (0/6) D:8

Altars:
Cheibriados
Nemelex Xobeh
Sif Muna
Trog
Uskayaw
Wu Jian
Xom
Yredelemnul

Portals:
Abyss: D:8


Innate Abilities, Weirdness & Mutations

You are immune to sickness and miasma.
Your stone body is resilient. (AC +7)
You are immune to poison.
You resist negative energy. (rN+)
You are resistant to electric shocks. (rElec)
You are resistant to unholy torment.
You are immune to petrification.


Message History

Your kobold zombie hits the orc warrior but does no damage.
The orc warrior hits your orc priest zombie with a +0 glaive.
Your kobold zombie barely misses the orc warrior.
Your kobold zombie hits the orc warrior with a +0 whip.
Your orc priest zombie closely misses the orc warrior.
The orc warrior hits your kobold zombie with a +0 glaive!
Your kobold zombie is destroyed!
Your orc priest zombie hits the orc warrior but does no damage.
Your kobold zombie hits the orc warrior but does no damage.
The orc warrior hits your orc priest zombie with a +0 glaive!
Your orc priest zombie is destroyed!
Your kobold zombie closely misses the orc warrior.
It was a potion of cancellation.
Your magical effects are unravelling.
You feel magically purged.
You feel yourself slow down.
It was a potion of attraction.
You feel attractive to monsters. The orc warrior is pulled toward you!
You hit the orc warrior but do no damage.
The orc warrior is lightly wounded.
The orc warrior hits you but does no damage.
The orc warrior hits you with a +0 glaive.
* * * LOW HITPOINT WARNING * * *
You hit the orc warrior but do no damage.
The orc warrior is lightly wounded.
The orc warrior hits you with a +0 glaive.
* * * LOW HITPOINT WARNING * * *
It was a potion of brilliance.
You feel clever all of a sudden.
Your kobold zombie hits the orc warrior with a +0 whip.
The orc warrior hits you with a +0 glaive!
* * * LOW HITPOINT WARNING * * *
You feel yourself speed up.
The orc warrior hits you with a +0 glaive.
* * * LOW HITPOINT WARNING * * *
Your kobold zombie hits the orc warrior but does no damage.
The orc warrior hits you from afar with a +0 glaive.
You die...
Your body rises from the dead as a mindless zombie.

.##.....##.#####.#.#.##..#######.
###.....##.# #.#.......# #.
####.####.# #.###.###.#### ##
####'####.#####.###........#
#)(.)..............#.##.#####
#####.###.#..............##.#....
.[..)## ##...###.###.[[####.#.#.#
.[...# #...# #..oZ.>........#..
##.#.## ##...###@##.#)...........
##....###.#...........####.####..
#####..)).#......##.#.##.....##..
.......##.##.######.#.#.......#..
.#####.......# #.#.#.......#.. .#
####.#### #.#....._...... .#
###.### #.#.#.......#.. .#
#.....# #.#.#.......#.. .#
#.....# #.#.##.....##..


You could see an orc warrior (ally target) and a friendly kobold zombie.

Vanquished Creatures
  Sigmund (D:2)
  5 yaks
  5 humans
  A steam dragon (D:8)
  3 water moccasins
  An orc warrior (D:8)
  2 ogres (D:6)
  A necrophage (D:5)
  A phantom (D:6)
  2 kobold brigands (D:7)
  2 bullfrogs
  A water moccasin zombie (D:7)
  5 scorpions
  10 wights
  2 hounds
  Crazy Yiuf (D:4)
  2 bullfrog skeletons
  2 orc priests
  A centaur skeleton (D:7)
  3 iguanas
  4 orc wizards
  A scorpion zombie (D:5)
  A hound skeleton (D:4)
  A howler monkey zombie (D:7)
  4 gnolls
  A howler monkey skeleton (D:6)
  6 adders
  A worm (D:4)
  2 dart slugs (D:4)
  18 orcs
  7 ball pythons
  12 endoplasms
  4 giant cockroaches
  11 goblins
  9 hobgoblins
  5 jackals (D:1)
  2 quokkas
  9 bats
  4 frilled lizards
  17 kobolds
  3 rats
  A spectral orc (D:3)
174 creatures vanquished.

Vanquished Creatures (others)
  An orc priest (D:8)
  A water moccasin zombie (D:6)
  An orc (D:8)
  3 human zombies (D:8)
  2 bullfrog zombies
  A hound zombie (D:7)
  3 kobold zombies (D:7)
  A necrophage skeleton (D:5)
  3 orc zombies
16 creatures vanquished.

Grand Total: 190 creatures vanquished

Notes
Turn   | Place    | Note
-------+----------+-------------------------------------------
     0 | D:1      | ders the Gargoyle Fighter began the quest for the Orb.
     0 | D:1      | Reached XP level 1. HP: 14/14 MP: 1/1
   226 | D:1      | Found a faded altar of an unknown god.
   237 | D:1      | Reached XP level 2. HP: 19/19 MP: 2/2
   497 | D:1      | Reached XP level 3. HP: 14/24 MP: 3/3
   498 | D:1      | Reached skill level 4 in Fighting
  1258 | D:2      | Noticed a scorpion
  1265 | D:2      | Killed a scorpion
  1266 | D:2      | Reached XP level 4. HP: 23/30 MP: 4/4
  1276 | D:2      | Reached XP level 5. HP: 22/34 MP: 5/5
  1508 | D:2      | Noticed Sigmund
  1520 | D:2      | Killed Sigmund
  1521 | D:2      | Reached skill level 5 in Fighting
  1521 | D:2      | Reached XP level 6. HP: 30/41 MP: 6/6
  1779 | D:2      | Found a shimmering altar of Xom.
  1888 | D:3      | Found an ornate altar of the Wu Jian Council.
  2756 | D:3      | Reached skill level 6 in Fighting
  2888 | D:3      | Reached skill level 5 in Maces & Flails
  3604 | D:3      | Found a shimmering altar of Xom.
  3853 | D:3      | Found a basalt altar of Yredelemnul.
  3862 | D:3      | Became a worshipper of Yredelemnul the Dark
  4149 | D:4      | Reached XP level 7. HP: 42/47 MP: 7/7
  4357 | D:4      | Found a runed translucent door.
  4358 | D:4      | Noticed Crazy Yiuf
  4463 | D:4      | Reached skill level 1 in Invocations
  4633 | D:4      | Reached * piety under Yredelemnul
  5112 | D:4      | Killed Crazy Yiuf
  5374 | D:5      | Entered Level 5 of the Dungeon
  5395 | D:5      | Reached skill level 1 in Throwing
  5653 | D:5      | Found a sparkling altar of Nemelex Xobeh.
  5732 | D:5      | Found a staircase to the Ecumenical Temple.
  5739 | D:5      | Reached skill level 7 in Fighting
  5771 | D:5      | Reached XP level 8. HP: 46/53 MP: 10/10
  6492 | D:5      | Found a bloodstained altar of Trog.
  6993 | D:6      | Noticed a yak
  6993 | D:6      | Noticed a yak
  6993 | D:6      | Noticed a yak
  6993 | D:6      | Noticed a yak
  6996 | D:6      | Noticed a yak
  6997 | D:6      | Identified a scroll of acquirement
  6997 | D:6      | Acquired the +9 great mace "Offujoqa" {vorpal, Dex+2}
  6998 | D:6      | Noticed a yak
  7328 | D:6      | Reached skill level 8 in Fighting
  7502 | D:6      | Reached skill level 5 in Invocations
  7612 | D:6      | Reached XP level 9. HP: 51/59 MP: 12/12
  8111 | D:6      | Reached skill level 9 in Fighting
  8766 | D:7      | Reached ** piety under Yredelemnul
  8843 | D:7      | Found a snail-covered altar of Cheibriados.
  9001 | D:7      | Found a shimmering blue altar of Sif Muna.
  9253 | D:7      | Found a hide-covered altar of Uskayaw.
  9517 | D:8      | Found a staircase to the Lair.
  9603 | D:8      | Reached XP level 10. HP: 51/68 MP: 15/15
  9721 | D:8      | Reached skill level 10 in Fighting
  9764 | D:8      | Found a one-way gate to the infinite horrors of the Abyss.
  9764 | D:8      | Noticed a kobold demonologist
  9764 | D:8      | Noticed a purple ugly thing
  9765 | D:8      | Noticed a white ugly thing
 10253 | D:7      | HP: 2/68 [orc warrior (4)]
 10254 | D:7      | Slain by an orc warrior

Illustrated notes

Levels and vault maps discovered:
D:1:      dpeg_arrival_water_fire, layout_basic, ebering_ecumenical_altar_mist
D:2:      layout_rooms, basic_altar, uniq_sigmund
D:3:      layout_loops_ring, pf_just_have_faith,
          yredelemnul_forgotten_temple_becter, amcnicky_altar_gilded,
          minmay_tree_intersection
D:4:      minmay_angry_zag, layout_loops_ring, minmay_misc_feat_iff,
          st_stairs_13, uniq_crazy_yiuf_cottage
D:5:      wander_river, layout_basic, lightli_temple_of_fire,
          mainiacjoe_overflow_alcove_1, minmay_temple_entry_statues_pillars,
          minmay_misc_feat_four_crosses
D:6:      layout_basic
D:7:      layout_loops_cross, old_standard_altar, nicolae_sif_muna_condensation,
          nicolae_uskayaw_dance_studio, chequers_serial_rivers_micro_e
D:8:      due_chaos_kobolds, layout_basic, lemuel_tele_altar, special_room
          [special_room_orc], minmay_ruffians

Skill      XL: |  1  2  3  4  5  6  7  8  9 10 |
---------------+-------------------------------+-----
Fighting       | 4 5 6 7 8 9 10 | 10.1
Maces & Flails | 3 4 5 6 7 8 9 |  9.0
Invocations    | 3 5 7 |  7.8
Throwing       | 1 |  1.0
Armour         | |  3.2
Shields        | |  3.2

Action                   |  1- 3 |  4- 6 |  7- 9 | 10-12 || total
-------------------------+-------+-------+-------+-------++-------
Melee: Flail             |   137 |   206 |   136 |       ||   479
       Mace              |       |       |    40 |       ||    40
       Great mace        |       |       |   101 |    16 ||   117
Throw: Boomerang         |       |    12 |    30 |     2 ||    44
Invok: Animate Remains   |       |       |    15 |     5 ||    20
       Recall Undead Sla |       |       |     1 |       ||     1
  Use: Potion            |       |     3 |     2 |     8 ||    13
       Scroll            |       |     3 |     5 |       ||     8
Armor: Scale mail        |   101 |   136 |   194 |    22 ||   453
Dodge: Dodged            |    59 |    84 |   109 |    16 ||   268
Block: Kite shield       |    94 |   112 |    93 |       ||   299
